 Dungeon Crawl Stone Soup version 0.22.1-1-ga44c0e5 (webtiles) character file.

100278 rabbit the Warrior (level 16, -2/157 HPs)
             Began as a Hill Orc Monk on Oct 16, 2018.
             Was a High Priest of Beogh (penitent).
             Slain by a deep troll shaman (5 damage)
             ... on level 1 of the Depths.
             The game lasted 03:02:14 (40146 turns).

rabbit the Warrior (Hill Orc Monk)                 Turns: 40146, Time: 03:02:15

Health: -2/157     AC: 27    Str: 21    XL:     16   Next: 27%
Magic:  0/23       EV: 10    Int: 10    God:    Beogh [*]
Gold:   1089       SH:  0    Dex: 16    Spells: 15/15 levels left

rFire    + . .     SeeInvis .   a - +11 war axe "Kulea" {flame, Dex+3}
rCold    . . .     Gourm    .   S - +0 shield {reflect}
rNeg     . . .     Faith    .   J - +2 plate armour {rF+}
rPois    +         Spirit   +   K - +0 helmet
rElec    .         Reflect  +   (no cloak)
rCorr    .         Harm     .   (no gloves)
MR       +....                  G - +1 pair of boots {run}
Stlth    ..........             w - amulet of guardian spirit
HPRegen  0.36/turn              g - +5 ring of protection
MPRegen  0.18/turn              r - ring of poison resistance

@: confused, slowed, very slow
A: no striking features
a: Renounce Religion


You were on level 1 of the Depths.
You worshipped Beogh.
Beogh was demanding penance.
You were not hungry.

You visited 5 branches of the dungeon, and saw 25 of its levels.

You collected 1838 gold pieces.
You spent 749 gold pieces at shops.

Inventory:

Hand Weapons
 a - the +11 war axe "Kulea" (weapon) {flame, Dex+3}
   (You found it on level 14 of the Dungeon)

   It has been specially enchanted to burn those struck by it, causing extra
   injury to most foes and up to half again as much damage against particularly
   susceptible opponents.
   Big, fiery blades are also staple armaments of hydra-hunters.
   It affects your dexterity (+3).
 b - a +3 hunting sling
 y - the +4 short sword of Iconoclasm {flame, Dex+4}
   (You bought it in a shop on level 8 of the Dungeon)

   It has been specially enchanted to burn those struck by it, causing extra
   injury to most foes and up to half again as much damage against particularly
   susceptible opponents.
   It affects your dexterity (+4).
 I - a +0 broad axe
Missiles
 f - 563 stones
 B - 145 sling bullets (quivered)
 T - 3 throwing nets
Armour
 G - a +1 pair of boots of running (worn)
 J - a +2 plate armour of fire resistance (worn)
 K - a +0 helmet (worn)
 S - a +0 shield of reflection (worn)
Jewellery
 g - a +5 ring of protection (left hand)
 i - an uncursed ring of protection from magic
 k - the ring "Arphaith" {rC+ rN+}
   (You found it on level 6 of the Lair of Beasts)

   [ring of positive energy]

   It protects you from cold.
   It protects you from negative energy.
 o - an uncursed ring of resist corrosion
 r - a ring of poison resistance (right hand)
 w - an amulet of guardian spirit (around neck)
 D - an uncursed ring of fire
Wands
 x - a wand of acid (11)
 A - a wand of polymorph (11)
 E - a wand of enslavement (22)
 H - a wand of paralysis (14)
 U - a wand of disintegration (58)
 W - a wand of flame (102)
 Y - a wand of clouds (5)
Scrolls
 d - 2 scrolls of fog
 h - 2 scrolls of immolation
 m - 5 scrolls of teleportation
 p - 2 scrolls of fear
 q - 8 scrolls of identify
 s - a scroll of noise
 C - 5 scrolls of amnesia
 N - a scroll of enchant armour
 V - a scroll of vulnerability {unknown}
 Z - 5 scrolls of remove curse
Potions
 e - 4 potions of might {unknown}
 j - 3 potions of degeneration {unknown}
 l - 4 potions of heal wounds
 n - a potion of magic {unknown}
 t - a potion of invisibility {unknown}
 u - 11 potions of curing
 v - 4 potions of resistance
 z - 5 potions of mutation
 F - 7 potions of brilliance
 L - 2 potions of berserk rage {unknown}
 M - 5 potions of haste {unknown}
 O - 2 potions of cancellation {unknown}
 P - 4 potions of lignification
 Q - 2 potions of agility {unknown}
Comestibles
 c - 14 rations


   Skills:
 * Level 17.7 Fighting
 - Level 1.6 Short Blades
 - Level 16.0 Axes
 - Level 2.1 Slings
 + Level 13.9 Armour
 + Level 7.0 Dodging
 - Level 1.6 Stealth
 + Level 12.9 Shields
 + Level 9.5 Invocations
 - Level 0.5 Evocations


You had 15 spell levels left.
You didn't know any spells.
Your spell library contained the following spells:

 Spells                   Type           Power        Failure   Level  Hunger
 Animate Skeleton         Necr           N/A          99%         1    ##.....
 Apportation              Tloc           #.....       99%         1    ##.....
 Confusing Touch          Hex            #.....       99%         1    ##.....
 Pain                     Necr           #...         99%         1    ##.....
 Sandblast                Erth           #.....       99%         1    ##.....
 Shock                    Conj/Air       #...         99%         1    ##.....
 Summon Small Mammal      Summ           #...         99%         1    ##.....
 Passwall                 Tmut/Erth      #.......     100%        2    ###....
 Swiftness                Chrm/Air       #.......     100%        2    ###....
 Regeneration             Chrm/Necr      #.........   100%        3    ####...
 Static Discharge         Conj/Air       #.......     100%        3    ####...
 Stone Arrow              Conj/Erth      #.....       100%        3    ####...
 Vampiric Draining        Necr           #.........   100%        3    ####...
 Airstrike                Air            #.........   100%        4    #####..
 Animate Dead             Necr           N/A          100%        4    #####..
 Petrify                  Tmut/Erth      #.......     100%        4    #####..
 Lee's Rapid Deconstruct  Erth           #.........   100%        5    ######.
 Lightning Bolt           Conj/Air       #.........   100%        5    ######.


Dungeon Overview and Level Annotations

Branches:
Dungeon (15/15)            Temple (0/1) D:6            Lair (6/6) D:8
  Swamp (0/4) Lair:4        Snake (1/4) Lair:2        Slime (0/5) Lair:6
    Orc (2/2) D:11            Elf (0/3) Orc:2        Vaults (0/5) D:14
 Depths (1/5) D:15

Altars:
Ashenzari
Dithmenos
Elyvilon
Hepliaklqana
Trog
Yredelemnul

Shops:
D:5 ?   D:8 =(:

Annotations:
D:7 Prince Ribbit
D:14 4 runed doors, Roxanne
Lair:2 Snorg
Lair:3 need flight
Depths:1 the Enchantress


Message History

The spriggan defender hits you but does no damage.
Your spectral orc warrior misses the Enchantress.
The spriggan defender blocks your orc's attack.
Your orc misses the deep troll shaman.
Your spectral orc knight closely misses the spriggan air mage.
The spriggan defender hits your orc with an enchanted quick blade!!
Your orc dies!
Nergalle gestures at the Enchantress while chanting.
The Enchantress is surrounded by Orcish apparitions.
The spriggan air mage hits your spectral orc knight but does no damage.
The spriggan defender hits your spectral orc warrior with a demon whip of Your spectral orc warrior is destroyed!
The spriggan air mage waves its arms in wide circles.
The air twists around and strikes you!
* * * LOW HITPOINT WARNING * * *
The Enchantress gestures wildly while chanting.
You are more confused.
Nergalle appears confused.
Your orc knight appears confused.
The deep troll shaman bites you.
You die...

.......#.#......§§.≈§§≈≈≈≈§
#.##.# ............(≈§≈§...
#.##.###.#.........§≈≈.....
#.##.##.......#..†.≈.......
###'##'#(..)o..##.o..ii(.....
#....)....oZoo# #).oZ§(......
#........≈§Zo## #ZZZii().....
#.......o...#####TTiT)N(.....
[o.......#..)...@i.iT4N......
#........####.########)(.....
#........####.# .......
#........+....# .......
######+######## .......
#####'# .#


You could see the Enchantress, 3 spriggan defenders, 2 salamanders, 2 deep
trolls, 3 spriggan air magi, 2 deep troll shamans, a red devil, a friendly orc
knight (confused), the friendly Nergalle (confused), a friendly spectral orc, a
friendly spectral orc warrior and 2 friendly spectral orc knights.

Vanquished Creatures
  A lich (Depths:1)
  Frances (D:14)
  A very ugly thing (Depths:1)
  Nessos (Orc:2)
  2 dire elephants (Lair:6)
  An ice dragon (Depths:1)
  Fannar (D:12)
  Harold (Lair:1)
  5 hydras
  8 two-headed ogres
  An anaconda (Lair:6)
  5 centaur warriors
  An ogre mage (D:15)
  2 death yaks (Lair:6)
  Sonja (Lair:1)
  A salamander mystic (Depths:1)
  6 skeletal warriors
  A wizard (D:14)
  A glowing orange brain (D:15)
  A naga ritualist (Snake:1)
  The ghost of PeterLawrence the Basher, a novice MiFi of Okawaru (D:7)
  An orc knight (Orc:1)
  2 deep elf magi (D:15)
  A cyclops (D:15)
  11 ugly things
  A wolf spider (D:15)
  A salamander (D:15)
  2 manticores
  An orc sorcerer (Orc:2)
  13 elephants
  2 centaur zombies
  4 black mambas
  A torpor snail (Lair:6)
  12 spiny frogs
  An efreet (D:15)
  7 rime drakes (Lair:3)
  6 komodo dragons
  A redback zombie (D:13)
  2 red devils (Depths:1)
  A hellwing (Depths:1)
  6 trolls
  3 meliai (D:15)
  3 polar bears (Lair:5)
  8 slime creatures
  A harpy skeleton (D:13)
  10 blink frogs
  3 shadows
  4 hippogriffs
  3 wyverns
  29 yaks
  3 vampires
  2 wraiths
  A wyvern (shapeshifter) (D:15)
  6 steam dragons (Lair:3)
  2 hungry ghosts
  5 vampire mosquitoes (Lair:4)
  2 basilisks
  Menkaure (D:6)
  A naga (Snake:1)
  A warg (Orc:2)
  An acid dragon (D:11)
  13 water moccasins
  A hornet zombie (D:14)
  10 porcupines
  A black bear (D:11)
  4 ice beasts
  4 sky beasts
  4 phantoms
  2 necrophages
  11 orc warriors
  2 eyes of draining (D:13)
  12 ogres
  2 boggarts (D:15)
  11 wolves
  19 centaurs
  12 crocodiles
  9 big kobolds
  14 bullfrogs
  A wyvern zombie (D:7)
  4 scorpions
  A wyvern skeleton (D:14)
  11 killer bees
  5 wights (D:8)
  A howler monkey (D:10)
  2 crimson imps
  2 bullfrog zombies
  A bullfrog skeleton (D:13)
  4 centaur skeletons
  2 jellies
  7 orc wizards
  4 orc priests
  3 hounds
  A gnoll shaman (D:5)
  2 iguanas
  6 worker ants
  2 hound skeletons
  A howler monkey zombie (D:5)
  17 adders
  6 gnolls
  3 shadow imps
  An ooze (D:2)
  3 adder skeletons
  A worm (D:6)
  3 leopard geckos
  16 orcs
  10 bats
  7 giant cockroaches
  10 goblins
  8 hobgoblins
  7 jackals
  5 quokkas
  5 frilled lizards
  15 kobolds
  2 leopard gecko skeletons
  A quokka skeleton (D:6)
  8 rats
  A fungus (Lair:4)
  5 plants
533 creatures vanquished.

Vanquished Creatures (collateral kills)
  Rupert (Lair:6)
  Donald (Orc:2)
  A balrug (Depths:1)
  An orc warlord (Orc:2)
  A stone giant (Depths:1)
  A very ugly thing (Depths:1)
  3 dire elephants
  A fire dragon (Depths:1)
  3 hydras
  A catoblepas (Lair:6)
  An orc high priest (Orc:2)
  2 death yaks (Lair:6)
  2 skeletal warriors (D:13)
  A naga ritualist (Snake:1)
  An orc knight (Orc:2)
  A lindwurm (Lair:4)
  A wolf spider zombie (D:15)
  2 orc sorcerers
  A manticore (D:14)
  A salamander (Depths:1)
  2 ugly things
  A torpor snail (Lair:6)
  A naga mage (Snake:1)
  A black mamba (Lair:6)
  2 centaur zombies (D:13)
  2 elephants (Lair:6)
  A gargoyle (D:12)
  2 spiny frogs
  A komodo dragon (Lair:6)
  2 hellwings (Depths:1)
  A red devil (Depths:1)
  A polar bear (Lair:5)
  3 hippogriffs
  10 slime creatures
  12 blink frogs
  A spriggan (Depths:1)
  5 yaks
  A naga (Snake:1)
  A soldier ant (D:12)
  2 water moccasins (Lair:6)
  A sky beast (D:15)
  10 orc warriors
  A phantom (D:12)
  4 wolves
  An ogre (D:15)
  A boggart (D:15)
  5 centaurs
  2 crocodiles (Lair:6)
  2 bullfrogs (D:15)
  4 crimson imps
  7 orc priests (Orc:2)
  2 jellies (Lair:6)
  8 orc wizards
  A worker ant (D:13)
  An adder (D:12)
  A shadow imp (D:15)
  8 orcs
  3 kobolds (D:12)
  A bush (D:14)
  6 fungi
  7 plants
155 creatures vanquished.

Vanquished Creatures (others)
  6 orc knights
  3 orc high priests
  3 orc sorcerers
  2 wizards
  22 orc warriors
  A killer bee (D:8)
  19 orc priests
  14 orc wizards
  A worker ant (D:6)
  A hound skeleton (D:6)
  45 orcs
  2 bushes
  10 fungi
  45 plants
174 creatures vanquished.

Grand Total: 862 creatures vanquished

Notes
Turn   | Place    | Note
-------+----------+-------------------------------------------
     0 | D:1      | rabbit the Hill Orc Monk began the quest for the Orb.
     0 | D:1      | Reached XP level 1. HP: 19/19 MP: 1/1
    65 | D:1      | Reached XP level 2. HP: 16/27 MP: 2/2
   262 | D:2      | Reached skill level 4 in Fighting
   558 | D:2      | Reached XP level 3. HP: 29/33 MP: 3/3
  1244 | D:2      | Found a shattered altar of Ashenzari.
  1246 | D:2      | Found a white marble altar of Elyvilon.
  1372 | D:3      | Reached XP level 4. HP: 39/41 MP: 4/4
  1475 | D:3      | Reached skill level 5 in Axes
  2251 | D:4      | Reached XP level 5. HP: 41/47 MP: 5/5
  2906 | D:4      | Reached skill level 5 in Fighting
  2906 | D:4      | Reached XP level 6. HP: 17/56 MP: 6/6
  3167 | D:5      | Entered Level 5 of the Dungeon
  3167 | D:5      | Noticed an ice beast
  3778 | D:5      | Found a basalt altar of Yredelemnul.
  3778 | D:5      | Found a shadowy altar of Dithmenos.
  3805 | D:5      | Found Ozomut's Magic Scroll Emporium.
  3865 | D:6      | Noticed a necrophage
  3922 | D:5      | Killed an ice beast
  4267 | D:7      | Found a runed door.
  4267 | D:7      | Noticed PeterLawrence's ghost (novice MiFi)
  4326 | D:7      | Noticed a sky beast
  4369 | D:6      | Reached XP level 7. HP: 58/61 MP: 5/7
  4485 | D:6      | Became a worshipper of Beogh the Brigand
  4485 | D:6      | Reached * piety under Beogh
  4485 | D:6      | Reached ** piety under Beogh
  6095 | D:3      | Found a hazy altar of Hepliaklqana.
  6703 | D:5      | Reached skill level 6 in Fighting
  6703 | D:5      | Reached skill level 10 in Axes
  6872 | D:5      | Reached skill level 1 in Armour
  6872 | D:5      | Reached XP level 8. HP: 70/70 MP: 8/8
  7393 | D:6      | Noticed Prince Ribbit
  7704 | D:6      | Noticed Menkaure
  7746 | D:6      | Killed Menkaure
  7987 | D:6      | Found a staircase to the Ecumenical Temple.
  8564 | D:7      | Reached *** piety under Beogh
  9130 | D:7      | HP: 2/70 [Prince Ribbit (6)]
  9694 | D:8      | Reached skill level 1 in Shields
 10552 | D:7      | Reached XP level 9. HP: 77/78 MP: 9/9
 10563 | D:7      | Paralysed by fainting for 9 turns
 10919 | D:8      | Found Pabbe's Weapon Boutique.
 11089 | D:7      | Reached skill level 7 in Fighting
 11677 | D:8      | Noticed a komodo dragon
 11857 | D:8      | Found Ostue's Jewellery Boutique.
 11880 | D:8      | Reached skill level 1 in Slings
 12113 | D:8      | Reached skill level 5 in Armour
 12113 | D:8      | Reached XP level 10. HP: 69/86 MP: 10/10
 12235 | D:8      | Found a staircase to the Lair.
 12271 | D:8      | Found Sinuduh's Book Shop.
 12554 | D:9      | Noticed an eight-headed hydra
 13087 | D:10     | Entered Level 10 of the Dungeon
 14064 | D:11     | Reached **** piety under Beogh
 14064 | D:11     | Reached skill level 8 in Fighting
 14215 | D:11     | Found a staircase to the Orcish Mines.
 14230 | D:11     | Gained Thorok as an ally
 14285 | D:11     | Your ally Thorok died
 14352 | D:11     | Reached skill level 15 in Axes
 14352 | D:11     | Reached skill level 5 in Shields
 15519 | D:11     | Reached XP level 11. HP: 81/95 MP: 11/11
 15918 | D:11     | Noticed a purple ugly thing
 15931 | D:11     | Killed a purple ugly thing
 16016 | D:12     | Noticed a two-headed ogre
 16016 | D:12     | Noticed a manticore
 16122 | D:12     | Noticed Fannar
 16383 | D:11     | Killed a two-headed ogre
 16383 | D:11     | Reached skill level 9 in Fighting
 16390 | D:12     | Gained Worak as an ally
 16519 | D:12     | Noticed a two-headed ogre
 16528 | D:12     | Killed a two-headed ogre
 16547 | D:12     | Killed a manticore
 16749 | D:13     | Noticed a centaur warrior
 17003 | D:12     | Killed Fannar
 17003 | D:12     | Reached skill level 1 in Invocations
 17269 | D:12     | Reached skill level 10 in Fighting
 17492 | D:13     | Reached ***** piety under Beogh
 17538 | D:13     | Noticed a centaur warrior
 17547 | D:13     | Killed a centaur warrior
 17631 | D:13     | Killed a centaur warrior
 17637 | D:13     | Noticed a skeletal warrior
 17639 | D:13     | Noticed a skeletal warrior
 17643 | D:13     | Noticed a skeletal warrior
 17645 | D:13     | Noticed a skeletal warrior
 17646 | D:13     | Killed a skeletal warrior
 17646 | D:13     | Reached XP level 12. HP: 58/108 MP: 7/13
 17651 | D:13     | Your ally Worak died
 17671 | D:12     | Reached skill level 11 in Fighting
 18978 | Lair:1   | Entered Level 1 of the Lair of Beasts
 19139 | Lair:1   | Noticed Harold
 19154 | Lair:1   | Killed Harold
 19154 | Lair:1   | Reached skill level 10 in Armour
 19359 | Lair:1   | Noticed a seven-headed hydra
 19447 | D:8      | Bought the +4 short sword of Iconoclasm {flame, Dex+4} for
                  | 489 gold pieces
 19486 | Lair:1   | Killed a seven-headed hydra
 19486 | Lair:1   | Reached skill level 12 in Fighting
 20198 | Lair:1   | Noticed Sonja
 20230 | Lair:1   | HP: 5/112 [poisoned by Sonja (curare-tipped needle)]
 20236 | Lair:1   | HP: 4/112 [poisoned by Sonja (curare-tipped needle)]
 20241 | Lair:1   | HP: 4/112 [poisoned by Sonja (curare-tipped needle)]
 20247 | Lair:1   | HP: 4/112 [poisoned by Sonja (curare-tipped needle)]
 20712 | Lair:1   | Reached skill level 1 in Short Blades
 21601 | Lair:2   | Reached XP level 13. HP: 119/119 MP: 14/14
 21770 | Lair:2   | Found a staircase to the Snake Pit.
 22096 | Lair:3   | Noticed Snorg
 22493 | Lair:3   | Reached skill level 13 in Fighting
 22581 | Lair:3   | Reached skill level 10 in Shields
 23817 | Lair:3   | Reached skill level 14 in Fighting
 25283 | Lair:4   | Found a staircase to the Swamp.
 25850 | Lair:4   | Noticed Nergalle
 26890 | Lair:5   | Reached XP level 14. HP: 110/133 MP: 11/16
 27578 | Lair:5   | Reached ****** piety under Beogh
 27793 | Orc:1    | Entered Level 1 of the Orcish Mines
 27845 | Orc:1    | Gained Bogrim as an ally
 28763 | Orc:2    | Entered Level 2 of the Orcish Mines
 28771 | Orc:2    | Noticed Nessos
 28773 | Orc:2    | Noticed Donald
 29220 | Lair:1   | Killed Sonja
 29966 | Lair:6   | Entered Level 6 of the Lair of Beasts
 30050 | Lair:6   | Reached skill level 15 in Fighting
 30220 | Lair:6   | Your ally Bogrim died
 30480 | Lair:6   | Found a staircase to the Slime Pits.
 30580 | Lair:6   | Reached skill level 5 in Invocations
 30586 | Lair:6   | Noticed Rupert
 30594 | Lair:6   | Paralysed by Rupert for 3 turns
 30597 | Lair:6   | Killed Rupert
 31538 | Lair:6   | Noticed a dire elephant
 31547 | Lair:6   | Killed a dire elephant
 31568 | Lair:6   | Noticed a dire elephant
 31568 | Lair:6   | Noticed a dire elephant
 31582 | Lair:6   | Killed a dire elephant
 31582 | Lair:6   | Reached skill level 5 in Dodging
 31584 | Lair:6   | Killed a dire elephant
 31606 | Lair:6   | Got a vibrating jade ring
 31620 | Lair:6   | Identified the ring "Arphaith" {rC+ rN+} (You found it on
                  | level 6 of the Lair of Beasts)
 31621 | Lair:6   | Identified a +1 pair of boots of running (You found it on
                  | level 6 of the Lair of Beasts)
 31798 | Lair:6   | Noticed a dire elephant
 31814 | Lair:6   | Killed a dire elephant
 33347 | D:13     | Found a bloodstained altar of Trog.
 33469 | D:14     | Noticed Frances
 33482 | D:14     | Killed Frances
 33482 | D:14     | Reached skill level 16 in Fighting
 33482 | D:14     | Reached XP level 15. HP: 89/144 MP: 11/19
 34284 | D:14     | Gained Hilgar as an ally
 34606 | D:14     | Found a huge runed gate.
 34606 | D:14     | Found a huge runed gate.
 34606 | D:14     | Found a huge runed gate.
 34606 | D:14     | Found a huge runed gate.
 34650 | D:14     | Found a gate to the Vaults.
 35238 | D:14     | Noticed Roxanne
 35262 | D:14     | Got a steaming war axe
 35263 | D:14     | Identified the +11 war axe "Kulea" {flame, Dex+3} (You
                  | found it on level 14 of the Dungeon)
 35574 | Orc:2    | Killed Donald
 35574 | Orc:2    | Gained Garbold as an ally
 35588 | Orc:2    | Killed Nessos
 35987 | Orc:2    | Found a staircase to the Elven Halls.
 36328 | D:7      | Killed PeterLawrence's ghost
 36566 | D:15     | Entered Level 15 of the Dungeon
 36990 | D:15     | Reached skill level 17 in Fighting
 37468 | D:15     | Found a staircase to the Depths.
 38369 | D:8      | Bought an uncursed ring of poison resistance for 260 gold
                  | pieces
 38752 | Orc:2    | Noticed an orc warlord
 38767 | Orc:2    | Killed an orc warlord
 39013 | Snake:1  | Entered Level 1 of the Snake Pit
 39632 | D:8      | Reached XP level 16. HP: 155/155 MP: 22/22
 39766 | Depths:1 | Entered Level 1 of the Depths
 39845 | Depths:1 | Noticed a lich
 39853 | Depths:1 | Killed a lich
 40123 | Depths:1 | Noticed the Enchantress
 40135 | Depths:1 | Your ally Hilgar died
 40137 | Depths:1 | Was placed under penance by Beogh
 40142 | Depths:1 | Your ally Garbold died
 40145 | Depths:1 | HP: 3/157 [spriggan air mage/the air[the Enchantress] (7)]
 40146 | Depths:1 | Slain by a deep troll shaman

Skill      XL: |  1  2  3  4  5  6  7  8  9 10 11 12 13 14 15 16 |
---------------+-------------------------------------------------+-----
Fighting       | 4 5 6 7 8 10 12 14 16 17 | 17.7
Dodging        | 3 5 6 7 |  7.0
Axes           | 5 7 8 10 12 13 15 16 | 16.0
Armour         | 1 3 5 6 8 11 12 13 | 13.9
Shields        | 1 3 5 7 9 10 11 12 | 12.9
Slings         | 2 |  2.1
Invocations    | 1 2 6 8 9 |  9.5
Short Blades   | 1 |  1.6
Stealth        | |  1.6
Evocations     | |  0.5

Action                   |  1- 3 |  4- 6 |  7- 9 | 10-12 | 13-15 | 16-18 || total
-------------------------+-------+-------+-------+-------+-------+-------++-------
Melee: Hand axe          |    90 |   222 |   227 |       |       |       ||   539
       War axe           |       |       |   405 |   728 |  1035 |    49 ||  2217
       Short sword       |       |       |       |    10 |   135 |     1 ||   146
 Fire: Hunting sling     |       |       |    12 |    18 |     7 |       ||    37
Throw: Stone             |     3 |       |       |       |       |       ||     3
Invok: Convert to Beogh  |       |       |     1 |       |       |       ||     1
       Recall Orcish Fol |       |       |       |     6 |    21 |     2 ||    29
       Smiting           |       |       |       |       |     1 |       ||     1
       Resurrection      |       |       |       |       |     2 |       ||     2
       Stop Recall       |       |       |       |       |     4 |     2 ||     6
       Give Item to Name |       |       |       |       |     1 |     1 ||     2
Evoke: Wand              |       |       |     5 |     3 |       |       ||     8
  Use: Scroll            |       |     2 |    11 |    14 |    12 |       ||    39
       Potion            |       |     1 |     2 |     1 |       |       ||     4
 Stab: Distracted        |       |       |       |     1 |    16 |     1 ||    18
       Confused          |       |       |       |       |     1 |       ||     1
  Eat: Chunk             |     1 |     8 |    14 |     8 |    28 |       ||    59
       Ration            |       |     1 |     5 |     7 |     8 |     1 ||    22
Armor: Robe              |     5 |       |       |       |       |       ||     5
       Leather armour    |     4 |       |       |       |       |       ||     4
       Chain mail        |    20 |   172 |   277 |       |       |       ||   469
       Ring mail         |     2 |       |       |       |       |       ||     2
       Plate armour      |       |       |   119 |   400 |   610 |    64 ||  1193
Dodge: Dodged            |    57 |    91 |   150 |   121 |   276 |    33 ||   728
Block: Shield            |       |       |   138 |   372 |   678 |    40 ||  1228
       Reflection        |       |       |       |       |     5 |     4 ||     9
